 Dungeon Crawl Stone Soup version 0.30-a0-778-g2ef04afb54 (webtiles) character file.

Game seed: 9706141879101725052

24526 Pooter the Severer (level 12, -22/169 HPs)
             Began as a Minotaur Berserker on Feb 15, 2023.
             Was an Elder of Trog.
             Annihilated by an orc knight
             ... wielding a +0 broad axe
              (36 damage)
             ... on level 2 of the Orcish Mines.
             The game lasted 01:40:46 (14491 turns).

Pooter the Severer (Minotaur Berserker)            Turns: 14491, Time: 01:40:47

Health: -22/169    AC: 21    Str: 36    XL:     12   Next: 81%
Magic:  11/11      EV:  9    Int:  6    God:    Trog [****..]
Gold:   455        SH:  0    Dex: 11    Spells: 11/11 levels left

rFire   . . .      SeeInvis .    a - +1 battleaxe
rCold   . . .      Faith    .    (shield currently unavailable)
rNeg    . . .      Spirit   .    d - +4 plate armour
rPois   .          Reflect  .    (helmet restricted)
rElec   .          Harm     .    T - +0 cloak
rCorr   .          Rampage  .    p - +0 pair of gloves
Will    ++...                    c - +0 pair of boots Stlth
                                 U - amulet of regeneration
HPRegen 2.28/turn                n - +6 ring of strength
MPRegen 0.12/turn                B - +6 ring of strength

@: berserking, lethally poisoned (-22 -> -23), strong-willed, regenerating, very
quick
A: horns 2, retaliatory headbutt
a: Renounce Religion, Berserk, Trog's Hand, Brothers in Arms


You were on level 2 of the Orcish Mines.
You worshipped Trog.
Trog was greatly pleased with you.
You visited 2 branches of the dungeon, and saw 12 of its levels.
You also visited: Bailey.

You collected 1153 gold pieces.
You spent 698 gold pieces at shops.

Inventory:

Hand Weapons
 a - a +1 battleaxe (weapon)
   (You found it on level 4 of the Dungeon)
 b - a +1 arbalest
   (You took it off a wight on level 8 of the Dungeon)
 o - the +6 mace "Maix" {speed, Fly rN+++ Int-3 Stlth+}
   (You found it on level 3 of the Dungeon)

   Int:       It affects your intelligence (-3).
   rN:        It renders you almost immune to negative energy.
   Fly:       It grants you flight.
   Stlth:     It makes you more stealthy.
 z - a +2 flail of holy wrath
   (You took it off Edmund on level 5 of the Dungeon)
 C - a +3 heavy mace
   (You took it off an orc on level 5 of the Dungeon)
 J - a +2 halberd of venom
   (You took it off an orc warrior on level 6 of the Dungeon)
 P - the +3 great mace of Wrongful Imprisonment {freeze, rElec rN+ Will- Str+6}
   (You found it on level 9 of the Dungeon)

   Str:       It affects your strength (+6).
   rElec:     It insulates you from electricity.
   rN:        It protects you from negative energy.
   Will:      It decreases your willpower.
 W - a +0 broad axe
   (You took it off a vault guard in a bailey)
Missiles
 l - 19 poisoned darts (quivered)
 s - 7 boomerangs
 y - a silver boomerang
 D - a throwing net {!f}
 I - 3 curare-tipped darts
 Q - 69 stones
Armour
 c - a +0 pair of boots (worn)
   (You found it on level 1 of the Dungeon)
 d - a +4 plate armour (worn)
   (You found it on level 1 of the Dungeon)
 p - a +0 pair of gloves (worn)
   (You found it on level 4 of the Dungeon)
 T - a +0 cloak (worn)
   (You found it on level 9 of the Dungeon)
Jewellery
 i - a ring of ice
   (You found it on level 8 of the Dungeon)
 n - a +6 ring of strength (left hand)
   (You found it on level 3 of the Dungeon)
 B - a +6 ring of strength (right hand)
   (You found it on level 5 of the Dungeon)
 G - an amulet of guardian spirit
   (You found it on level 10 of the Dungeon)
 K - a +4 ring of protection
   (You found it on level 6 of the Dungeon)
 M - a ring of fire
   (You found it on level 6 of the Dungeon)
 U - an amulet of regeneration (around neck)
   (You found it on level 10 of the Dungeon)
 Z - a +5 ring of evasion
   (You found it on level 10 of the Dungeon)
Wands
 f - a wand of flame (8)
   (You found it on level 6 of the Dungeon)
 N - a wand of charming (3)
   (You bought it in a shop on level 3 of the Dungeon)
 O - a wand of light (4)
   (You took it off a wight on level 8 of the Dungeon)
 R - a wand of roots (12)
   (You found it on level 9 of the Dungeon)
 V - a wand of mindburst (4)
   (You found it on level 6 of the Dungeon)
Scrolls
 e - 3 scrolls of poison {!r}
 j - 2 scrolls of vulnerability {!r}
 k - 4 scrolls of blinking
 q - 4 scrolls of immolation {!r}
 t - 4 scrolls of teleportation {@r4}
 Y - 2 scrolls of summoning {unknown}
Potions
 g - 4 potions of curing {@q1}
 h - 2 potions of flight
 m - 3 potions of lignification {unknown}
 r - 2 potions of magic {unknown}
 u - 4 potions of haste {@q3}
 v - a potion of cancellation
 w - a potion of attraction {unknown}
 x - a potion of invisibility
 A - 5 potions of heal wounds {@q2}
 F - a potion of degeneration {unknown}
 H - 2 potions of resistance
 L - 2 potions of mutation {!q}
 S - a potion of berserk rage {unknown}
 X - a potion of might
Miscellaneous
 E - a condenser vane (inert)
   (You found it on level 5 of the Dungeon)


   Skills:
 + Level 12.8 Fighting
 * Level 16.3 Axes
 * Level 9.3 Ranged Weapons
 + Level 7.6 Armour
 - Level 3.6 Dodging
 - Level 3.3 Stealth
 + Level 6.9 Evocations


You had 11 spell levels left.
You didn't know any spells.
Your spell library was empty.

Dungeon Overview and Level Annotations

Branches:
Dungeon (10/15)            Temple (0/1) D:6             Orc (2/2) D:9
    Elf (0/3) Orc:2        Bailey (visited)
   Lair: D:8-11

Altars:
Cheibriados
Hepliaklqana
Kikubaaqudgha
Okawaru
Ru
Vehumet
Xom

Shops:
D:3 *   D:6 (   D:7 [   Orc:2 [!:(=


Innate Abilities, Weirdness & Mutations

You have a pair of horns on your head.
You reflexively headbutt those who attack you in melee.


Message History

Okay, then.
Partly explored, can't reach some places.
Items here: )) [[ ††.
There is a stone staircase leading up, spattered with blood here.
Your skin crawls.
You feel strong-willed.
You climb upwards.
The orc warrior shouts!
The orc shouts!
The troll shouts!
You hear a shout!
The orc warrior hits you but does no damage.
The orc priest miscasts a cantrip.
The orc hits you but does no damage.
The orc knight hits you with a +0 broad axe!!
The orc hits you but does no damage.
You are poisoned.
The orc warlord roars a battlecry!
The orcs go into a battle-frenzy!
An orc comes into view. It is wielding a +0 falchion.
The orc hits you but does no damage. The orc hits you with a +0 club.
The orc warlord hits you with a +0 broad axe!
The orc barely misses you.
The orc warrior hits you with a +0 dire flail!
The orc knight hits you with a +0 broad axe!
* * * LOW HITPOINT WARNING * * *
The orc hits you but does no damage.
You are more poisoned.
The orc barely misses you. You furiously retaliate!
You headbutt the orc!
You kill the orc!
Trog accepts your kill.
There is a stone staircase leading down, spattered with blood here.
You feel very sick.
The orc shouts!
You hear a shout!
The orc closely misses you.
The orc knight hits you but does no damage.
The orc hits you but does no damage. x2
The orc warlord hits you with a +0 broad axe!!
* * * LOW HITPOINT WARNING * * *
The orc warrior hits you with a +0 dire flail!
* * * LOW HITPOINT WARNING * * *
The orc hits you with a +0 club.
* * * LOW HITPOINT WARNING * * *
You climb downwards.
You feel very sick.
There is a stone staircase leading up, spattered with blood here.
A red film seems to cover your vision as you go berserk!
You feel yourself moving faster!
You feel mighty!
You feel sick. The orc closely misses you. The orc hits you but does no damage.
The orc warrior hits you with a +0 dire flail!
* * * LOW HITPOINT WARNING * * *
The orc knight hits you with a +0 broad axe!!!
You die...

### #.### ##..###
###...#.# ###......##
#.........##
######oo..##....######
##.#..o@o...###...[##.##
#.....ooo.#####...<....#
##..........#.....###.##
#....#......#....## ###
##.####..........#
########........#
####.####.......#
##.#....#........#
#................####


You could see an orc warlord, an orc knight (strong), an orc warrior (strong)
and 4 orcs.

Vanquished Creatures
  2 vault guards (Bailey)
  Erolcha (Orc:2)
  A centaur warrior (D:8)
  A two-headed ogre (D:10)
  Nergalle (Orc:2)
  A skeletal warrior (D:8)
  3 orc knights
  Pikel (D:5)
  The ghost of elongatedgoose the Ducker, a novice MfGl (D:5)
  9 orc sorcerers (Orc:2)
  A manticore (D:8)
  A kobold demonologist (D:6)
  2 trolls
  A hornet (D:7)
  A blink frog (Bailey)
  Prince Ribbit (D:9)
  Sigmund (D:5)
  A wyvern (D:4)
  8 yaks (D:9)
  6 humans (Bailey)
  2 steam dragons
  Edmund (D:5)
  9 wargs
  An acid dragon (D:9)
  Duvessa (D:6)
  21 orc warriors
  A sky beast (D:7)
  2 black bears
  14 ogres
  3 wolves (Orc:1)
  The ghost of Beavis the Shooter, an amateur DsHu (D:3)
  7 centaurs
  3 phantoms
  Blork the orc (D:5)
  3 kobold brigands (D:6)
  A gnoll sergeant (D:9)
  3 scorpions
  10 bullfrogs
  A necrophage (D:5)
  10 wights
  Dowan (D:6)
  6 killer bees
  10 howler monkeys
  18 hounds
  2 jellies
  12 orc priests
  4 gnoll boudas
  4 iguanas
  24 orc wizards
  A centaur simulacrum (D:9)
  25 gnolls
  8 adders
  2 shadow imps
  A white imp (D:7)
  An ufetubus (D:4)
  2 worms
  3 dart slugs
  71 orcs
  4 ball pythons
  5 endoplasms
  5 giant cockroaches
  12 goblins
  11 hobgoblins
  9 kobolds
  2 quokkas
  3 bats
  7 frilled lizards
  7 rats
399 creatures vanquished.

Vanquished Creatures (collateral kills)
  An orc sorcerer (Orc:2)
1 creature vanquished.

Vanquished Creatures (others)
  A bullfrog (Bailey)
  An orc wizard (Orc:2)
  2 plants (D:6)
4 creatures vanquished.

Grand Total: 404 creatures vanquished

Notes
Turn   | Place    | Note
-------+----------+-------------------------------------------
     0 | D:1      | Pooter the Minotaur Berserker began the quest for the Orb.
     0 | D:1      | Reached XP level 1. HP: 19/19 MP: 0/0
    71 | D:1      | Reached XP level 2. HP: 27/27 MP: 1/1
   319 | D:1      | Reached skill level 1 in Stealth
   537 | D:1      | Reached ** piety under Trog
   542 | D:1      | Reached XP level 3. HP: 32/33 MP: 2/2
   918 | D:2      | Reached skill level 4 in Axes
  1170 | D:2      | Reached XP level 4. HP: 40/41 MP: 3/3
  1327 | D:3      | Found Qoqidum's Assorted Antiques.
  1338 | D:3      | Identified the +6 mace "Maix" {speed, Fly rN+++ Int-3
                  | Stlth+}
  1342 | D:3      | You fall into a shaft and drop 1 floor!
  1361 | D:4      | Noticed a black bear
  1363 | D:4      | Noticed a phantom
  1369 | D:4      | Killed a black bear
  1370 | D:4      | Reached XP level 5. HP: 47/47 MP: 4/4
  1374 | D:4      | Killed a phantom
  1375 | D:4      | Reached skill level 5 in Fighting
  1536 | D:4      | Reached XP level 6. HP: 52/56 MP: 5/5
  1667 | D:3      | Bought a scroll labelled PUJORR NEJERCH for 28 gold pieces
  1667 | D:3      | Bought a scroll labelled ZEEMMI ENETIPT for 28 gold pieces
  1802 | D:3      | Found a faded altar of an unknown god.
  2156 | D:3      | Found a large runed translucent door.
  2156 | D:3      | Found a large runed translucent door.
  2158 | D:3      | Noticed Beavis's ghost (amateur DsHu)
  2171 | D:3      | Killed Beavis's ghost
  2628 | D:4      | Found a shimmering altar of Xom.
  2628 | D:4      | Found a shimmering altar of Xom.
  2630 | D:4      | Found a shimmering altar of Xom.
  2753 | D:4      | Reached XP level 7. HP: 53/63 MP: 6/6
  2817 | D:4      | Reached *** piety under Trog
  2875 | D:4      | Reached skill level 5 in Axes
  2917 | D:4      | Noticed a wyvern
  2924 | D:4      | Killed a wyvern
  3103 | D:4      | Found a snail-covered altar of Cheibriados.
  3160 | D:3      | Bought 2 bubbling silvery potions for 50 gold pieces
  3448 | D:5      | Entered Level 5 of the Dungeon
  3448 | D:5      | Noticed Sigmund
  3491 | D:5      | Noticed Pikel
  3497 | D:5      | Killed Pikel
  3498 | D:5      | Reached skill level 7 in Axes
  3498 | D:5      | Reached XP level 8. HP: 73/73 MP: 7/7
  3583 | D:5      | Killed Sigmund
  3584 | D:5      | Reached skill level 8 in Axes
  3710 | D:5      | Noticed Edmund
  3720 | D:5      | Killed Edmund
  3721 | D:5      | Reached skill level 9 in Axes
  3853 | D:5      | Noticed Blork the orc
  3865 | D:5      | Killed Blork the orc
  3967 | D:5      | Found a runed translucent door.
  3969 | D:5      | Noticed elongatedgoose's ghost (novice MfGl)
  3986 | D:5      | Killed elongatedgoose's ghost
  3987 | D:5      | Reached skill level 10 in Axes
  3987 | D:5      | Reached XP level 9. HP: 83/83 MP: 8/8
  4504 | D:3      | Bought 3 scrolls labelled MAMOUSK SEYVA for 84 gold pieces
  4657 | D:6      | Found a staircase to the Ecumenical Temple.
  4746 | D:6      | Found a hazy altar of Hepliaklqana.
  4830 | D:6      | Reached skill level 11 in Axes
  4830 | D:6      | Reached skill level 1 in Evocations
  5187 | D:6      | Noticed Duvessa
  5187 | D:6      | Noticed Dowan
  5193 | D:6      | Killed Duvessa
  5196 | D:6      | Killed Dowan
  5321 | D:6      | Noticed a kobold demonologist
  5342 | D:6      | Killed a kobold demonologist
  5343 | D:6      | Reached skill level 10 in Fighting
  5343 | D:6      | Reached skill level 12 in Axes
  5441 | D:6      | Identified the +5 leather armour "Lecsaagh" {rN+ Int-5
                  | Dex+3}
  5512 | D:6      | Reached XP level 10. HP: 93/93 MP: 9/9
  5970 | D:6      | Reached skill level 13 in Axes
  6197 | D:6      | Found Pongyd's Antique Weapon Shop.
  6312 | D:3      | Bought a tapered fluorescent wand for 112 gold pieces
  6607 | D:7      | Found Uvvabod's Armour Emporium.
  6962 | D:7      | Reached **** piety under Trog
  6969 | D:7      | Paralysed by a hornet for 1 turns
  6976 | D:7      | Reached skill level 1 in Ranged Weapons
  8351 | D:8      | Noticed a centaur warrior
  8355 | D:8      | Noticed a manticore
  8362 | D:8      | Killed a centaur warrior
  8366 | D:8      | Killed a manticore
  8367 | D:8      | Reached skill level 14 in Axes
  8367 | D:8      | Reached XP level 11. HP: 9/102 MP: 10/10
  8631 | D:8      | Noticed a skeletal warrior
  8639 | D:8      | Killed a skeletal warrior
  8640 | D:8      | Reached skill level 5 in Evocations
  8996 | D:8      | Identified the +0 robe of True Grit {rElec rPois Dex+4}
  9090 | D:9      | Identified the +3 great mace of Wrongful Imprisonment
                  | {freeze, rElec rN+ Will- Str+6}
  9421 | D:9      | Found a staircase to the Orcish Mines.
  9431 | Orc:1    | Entered Level 1 of the Orcish Mines
  9431 | Orc:1    | Noticed an orc knight
  9442 | D:9      | Killed an orc knight
  9594 | D:9      | Reached skill level 5 in Ranged Weapons
 10101 | D:9      | Reached skill level 5 in Armour
 10151 | D:9      | Noticed Prince Ribbit
 10164 | D:9      | Killed Prince Ribbit
 10459 | D:10     | Entered Level 10 of the Dungeon
 10587 | D:10     | Noticed a two-headed ogre
 10595 | D:10     | Killed a two-headed ogre
 10629 | D:10     | Found an iron altar of Okawaru.
 10643 | D:10     | Found a sacrificial altar of Ru.
 10722 | D:10     | Found a flagged portal.
 10821 | Bailey   | Entered a bailey
 10892 | Bailey   | Noticed a vault guard
 10901 | Bailey   | Killed a vault guard
 10980 | Bailey   | Noticed a vault guard
 10992 | Bailey   | Killed a vault guard
 10993 | Bailey   | Reached skill level 15 in Axes
 11695 | Orc:2    | Entered Level 2 of the Orcish Mines
 11695 | Orc:2    | Noticed an orc sorcerer
 11700 | Orc:2    | Noticed an orc sorcerer
 11701 | Orc:2    | Killed an orc sorcerer
 11702 | Orc:2    | Reached XP level 12. HP: 112/112 MP: 11/11
 12461 | Orc:2    | Found a staircase to the Elven Halls.
 12921 | Orc:2    | Found Xuss's Distillery.
 12927 | Orc:2    | Bought a potion of curing for 36 gold pieces
 12927 | Orc:2    | Bought a potion of cancellation for 96 gold pieces
 12927 | Orc:2    | Bought a potion of resistance for 120 gold pieces
 12927 | Orc:2    | Bought a potion of might for 48 gold pieces
 12927 | Orc:2    | Bought a potion of invisibility for 96 gold pieces
 13189 | Orc:2    | Found Igerysud's Armour Shoppe.
 13519 | Orc:1    | Noticed an orc warlord
 13816 | Orc:2    | Found an ancient bone altar of Kikubaaqudgha.
 13818 | Orc:2    | Noticed Nergalle
 13829 | Orc:2    | Killed Nergalle
 13830 | Orc:2    | Reached skill level 16 in Axes
 13879 | Orc:2    | Found Lyfum's Antique Weapon Shoppe.
 13886 | Orc:2    | Noticed Erolcha
 13891 | Orc:2    | Killed Erolcha
 13931 | Orc:2    | Found a radiant altar of Vehumet.
 14024 | Orc:2    | Found Suelenir's Jewellery Shoppe.
 14043 | Orc:2    | Found Ting's Book Emporium.
 14491 | Orc:2    | Annihilated by an orc knight

Illustrated notes

Levels and vault maps discovered:
D:1:      tarquinn_simple_flora_water_a, layout_loops_ring, minmay_ruptured
D:2:      minmay_spotlight, layout_basic
D:3:      layout_loops_corners, serial_shops, shop,
          shapermc_ecumenical_altar_totnotflames, ebering_ghost_disaster_area
D:4:      minmay_inner_zag, layout_basic, xom_redecorated, cheibriados_altar_1
D:5:      layout_loops_ring, ebering_ghost_inner_flame, minmay_statues_item,
          uniq_sigmund, uniq_edmund, uniq_blork_the_orc, uniq_pikel
D:6:      lemuel_castle_with_subvaults [lemuel_castle_interior_carwin_2],
          layout_basic, mainiacjoe_overflow_brackets,
          minmay_temple_entry_arrows, serial_shops, nicolae_shop_hallway_stairs,
          uniq_duvessa
D:7:      layout_basic, serial_shops, nicolae_lakefront_shop
D:8:      layout_basic, minmay_manual_maat
D:9:      layout_grid_maze, orc_0_dummy, minmay_misc_feat_four_crosses,
          minmay_misc_feat_hallway, kennysheep_just_a_vault, uniq_prince_ribbit1
D:10:     layout_gridville, mainiacjoe_overflow_large_starburst, enter_bailey_8
Orc:1:    layout_diamond_mine, portal_ice_cave_entry_animals_and_master,
          mines5_lemuel
Orc:2:    kennysheep_orc_mage_school, layout_diamond_mine, serial_shops, shop

Skill      XL: |  1  2  3  4  5  6  7  8  9 10 11 12 |
---------------+-------------------------------------+-----
Fighting       | 4 5 6 7 9 10 11 12 | 12.8
Stealth        | 1 2 3 |  3.3
Axes           | 4 7 10 12 14 15 16 | 16.3
Armour         | 3 4 6 7 |  7.6
Dodging        | 3 |  3.6
Evocations     | 3 4 6 |  6.9
Ranged Weapons | 4 7 9 |  9.3

Action                     |  1- 3 |  4- 6 |  7- 9 | 10-12 || total
---------------------------+-------+-------+-------+-------++-------
  Melee: Hand axe          |   104 |     7 |       |       ||   111
         Headbutt          |     8 |    10 |    16 |    86 ||   120
         Punch             |     1 |     1 |       |       ||     2
         Mace              |       |    61 |    23 |    14 ||    98
         Battleaxe         |       |       |   114 |   396 ||   510
         Flail             |       |       |     4 |       ||     4
   Fire: Shortbow          |       |       |       |    33 ||    33
         Arbalest          |       |       |       |   100 ||   100
  Throw: Stone             |       |     4 |       |       ||     4
         Dart              |       |    13 |    29 |    24 ||    66
         Boomerang         |       |       |    11 |       ||    11
         Throwing net      |       |       |     1 |       ||     1
 Invoke: Berserk           |     2 |     3 |     7 |    15 ||    27
         Trog's Hand       |       |     1 |     9 |    31 ||    41
  Evoke: Wand              |       |       |    12 |    20 ||    32
         Condenser vane    |       |       |     1 |     1 ||     2
    Use: Scroll            |     3 |     6 |     7 |     9 ||    25
         Potion            |       |       |       |     3 ||     3
   Stab: Confused          |       |       |     1 |       ||     1
         Held in net/web   |       |       |     1 |       ||     1
         Invisible         |       |       |       |     2 ||     2
 Armour: Animal skin       |     3 |       |       |       ||     3
         Plate armour      |    58 |    21 |    55 |   307 ||   441
  Dodge: Dodged            |    44 |    16 |    53 |   251 ||   364

Table legend: (Time is in decaauts)
 A = Elapsed time spent in this place.
 B = Non-inter-level travel time spent in this place.
 C = Inter-level travel time spent in this place.
 D = Time resting spent in this place.
 E = Time spent auto-exploring this place.
 F = Levels seen in this place.
 G = Mean time per level.
                   A        B        C        D        E       F      G
               +--------+--------+--------+--------+--------+-----+--------+
         Total |  14797 |  14058 |    739 |   3579 |   6696 |  13 | 1138.2 |
       Dungeon |  11568 |  10914 |    654 |   2189 |   6348 |  10 | 1156.8 |
  Orcish Mines |   2931 |   2846 |     85 |   1377 |    298 |   2 | 1465.5 |
        Bailey |    297 |    297 |      0 |     12 |     50 |   1 |  297.0 |
               +--------+--------+--------+--------+--------+-----+--------+

Top non-repeatable levels by time:
   Orc:2: 2724 daAuts
     D:6: 1837 daAuts
     D:9: 1420 daAuts
     D:8: 1400 daAuts
     D:7: 1263 daAuts
     D:4: 1188 daAuts
     D:5: 1119 daAuts
     D:3: 1102 daAuts
    D:10: 887 daAuts
     D:1: 879 daAuts
     D:2: 470 daAuts
  Bailey: 297 daAuts
   Orc:1: 207 daAuts
